Map: Nightshade LE

Players

zuka - Winner!

  • Race: Protoss Protoss
  • League: Diamond
  • Spawn Location: 11:00

Cloud

  • Race: Terran Terran
  • League: Diamond
  • Spawn Location: 5:00

VOD

Have the link to the VOD?

Description

Time

  • Played on: Dec. 28, 2019, 10:12 a.m.
  • Length: 11:54
Show
View Real Time Build Order
Export as new Build Order

zuka Protoss - Winner!

Build Orders: Colossus Rush 

Get SALT Encoding   

  12  0:01  Probe  
  13  0:13  Probe  
  14  0:20  Pylon  
  14  0:25  Probe (Chrono Boost)  
  15  0:37  Probe (Chrono Boost)  
  15  0:40  Gateway  
  16  0:46  Probe  
  16  0:48  Assimilator  
  17  0:58  Probe, Assimilator  
  18  1:10  Probe  
  19  1:13  Gateway  
  19  1:22  Probe  
  20  1:28  Cybernetics Core  
  20  1:34  Probe  
  20  1:37  Pylon  
  21  1:46  Probe  
  22  1:58  Probe  
  23  2:02  Stalker (Chrono Boost)  
  23  2:03  Stalker (Chrono Boost)  
  27  2:08  Warp Gate  
  27  2:24  Stalker  
  27  2:25  Stalker  
  31  2:36  Pylon  
  31  2:56  Nexus  
  31  2:59  Probe  
  32  3:10  Robotics Facility  
  32  3:11  Probe  
  33  3:22  Pylon  
  33  3:23  Probe  
  32  3:43  Probe  
  32  3:48  Gateway  
  33  3:55  Probe  
  34  3:57  Observer (Chrono Boost)  
  34  4:00  Robotics Bay  
  35  4:06  Stalker x2  
  35  4:07  Probe  
  35  4:08  Probe  
  41  4:19  Probe  
  41  4:20  Probe  
  43  4:27  Immortal (Chrono Boost)  
  47  4:31  Probe  
  47  4:32  Probe  
  49  4:44  Probe  
  49  4:45  Probe, Assimilator  
  51  4:47  Assimilator  
  51  4:55  Colossus (Chrono Boost)  
  51  4:57  Probe  
  58  5:01  Probe  
  58  5:05  Extended Thermal Lance  
  59  5:09  Probe  
  59  5:13  Probe  
  61  5:21  Probe  
  61  5:22  Pylon  
  62  5:35  Nexus  
  62  5:37  Pylon  
  62  5:40  Probe x2  
  64  5:52  Probe x2  
  64  5:53  Colossus (Chrono Boost)  
  72  6:02  Forge  
  72  6:04  Probe x2  
  74  6:11  Stalker  
  74  6:12  Stalker  
  74  6:17  Pylon  
  78  6:22  Gateway  
  78  6:26  Pylon  
  78  6:30  Protoss Ground Weapons Level 1 (Chrono Boost)  
  78  6:36  Colossus (Chrono Boost)  
  78  6:38  Probe x2  
  86  6:47  Probe  
  86  6:50  Probe x2  
  86  6:52  Twilight Council  
  89  6:57  Stalker  
  89  6:59  Probe, Stalker  
  94  7:02  Probe  
  94  7:03  Probe  
  96  7:11  Probe  
  96  7:14  Probe, Photon Cannon  
  96  7:15  Probe  
  99  7:18  Photon Cannon  
  99  7:23  Probe  
  99  7:24  Colossus (Chrono Boost)  
  99  7:26  Probe  
  99  7:28  Probe  
  108  7:31  Charge  
  108  7:35  Probe  
  109  7:42  Pylon  
  109  7:44  Pylon  
  109  7:46  Pylon  
  109  7:48  Gateway  
  109  7:52  Gateway  
  109  7:58  Gateway  
  109  8:00  Probe x2  
  109  8:04  Stalker x3  
  117  8:06  Probe  
  117  8:08  Observer (Chrono Boost)  
  119  8:13  Probe x2  
  119  8:15  Stalker  
  119  8:18  Probe  
  119  8:19  Pylon  
  124  8:20  Protoss Ground Weapons Level 2 (Chrono Boost)  
  124  8:21  Pylon  
  124  8:23  Colossus (Chrono Boost)  
  133  8:38  Nexus  
  130  8:42  Stalker  
  130  8:43  Stalker  
  134  8:55  Stalker x2  
  138  8:56  Stalker  
  138  9:00  Stalker  
  138  9:02  Stalker  
  144  9:07  Probe, Warp Prism (Chrono Boost)  
  144  9:08  Probe  
  144  9:09  Probe  
  149  9:17  Pylon  
  149  9:19  Pylon  
  149  9:20  Pylon  
  149  9:25  Pylon  
  149  9:27  Gateway, Templar Archives  
  149  9:29  Gateway  
  149  9:31  Gateway, Pylon  
  149  9:36  Colossus (Chrono Boost)  
  155  9:51  Stalker x5  
  165  9:58  Stalker x2  
  169  10:11  Stalker  
  169  10:12  Stalker  
  173  10:14  Stalker x3  
  173  10:21  Stalker x2  
  183  10:28  Stalker x3  
  183  10:32  Stalker x2  
  193  10:37  Stalker x2  
  193  10:41  Probe x3  
  200  11:03  Zealot  
  200  11:04  Zealot  
  200  11:08  Zealot x4  
  200  11:09  Zealot x4  
  125  11:27  Stalker x2  
  125  11:28  Stalker x3  
  125  11:29  Stalker x5  
Show
View Real Time Build Order
Export as new Build Order

Cloud Terran 

Build Orders: Gas First Reaper Expand 

Get SALT Encoding   

  12  0:00  SCV  
  13  0:13  SCV  
  14  0:17  Supply Depot  
  14  0:25  SCV  
  14  0:27  Refinery  
  15  0:38  SCV  
  16  0:45  Barracks  
  16  0:50  SCV  
  17  1:03  SCV  
  18  1:15  SCV  
  19  1:33  Reaper, Orbital Command  
  20  1:49  Command Center  
  20  1:58  SCV  
  21  2:07  Barracks Reactor  
  21  2:10  SCV  
  22  2:16  Factory  
  22  2:23  SCV  
  22  2:24  Bunker  
  22  2:40  Supply Depot  
  22  2:41  SCV  
  23  2:51  Barracks, Refinery  
  23  3:01  Orbital Command, SCV, Marine x2  
  26  3:06  Factory Tech Lab  
  25  3:13  SCV  
  25  3:18  Marine x2  
  28  3:25  SCV  
  23  3:36  Marine x2  
  23  3:39  SCV  
  25  3:46  Barracks Tech Lab  
  25  3:49  SCV  
  25  3:54  Marine x2  
  25  3:55  SCV  
  29  4:07  Stimpack  
  30  4:11  SCV, Marauder  
  30  4:12  Marine  
  30  4:14  Marine  
  30  4:15  Starport  
  34  4:19  SCV  
  34  4:23  SCV  
  36  4:30  Marine  
  37  4:31  SCV  
  37  4:35  SCV  
  39  4:39  Marine x2  
  39  4:40  Siege Tank  
  39  4:43  SCV  
  45  4:47  SCV  
  46  5:02  Supply Depot x3  
  46  5:12  Supply Depot  
  46  5:23  Medivac, SCV x2, Marine x3  
  53  5:35  SCV x2  
  53  5:42  Siege Tank, Marauder  
  60  5:43  Command Center, Marine  
  60  5:44  Marine  
  60  5:47  Combat Shield, SCV x2  
  64  6:00  SCV  
  65  6:07  SCV  
  65  6:08  Marine x3  
  65  6:10  Medivac  
  71  6:12  SCV  
  72  6:19  SCV  
  72  6:20  Refinery  
  72  6:22  Refinery  
  72  6:24  SCV  
  74  6:26  Marauder  
  74  6:29  Marine x2  
  78  6:44  Engineering Bay  
  78  6:46  Engineering Bay  
  78  6:54  Medivac, Marine x2  
  78  6:55  SCV x2, Siege Tank, Marauder  
  89  7:05  Orbital Command  
  89  7:07  SCV x2  
  91  7:11  Starport  
  91  7:12  Marine x2  
  93  7:21  Supply Depot, SCV x2, Marine  
  96  7:28  Orbital Command  
  96  7:30  Siege Tank, Marine  
  96  7:33  Starport Reactor, SCV  
  101  7:42  SCV, Marine x2  
  101  7:43  Terran Infantry Armor Level 1, Terran Infantry Weapons Level 1  
  104  7:47  Supply Depot  
  104  7:49  Starport Reactor  
  104  7:50  Supply Depot  
  104  7:52  SCV  
  104  7:53  Marine  
  104  7:54  Fusion Core  
  104  7:55  SCV  
  104  7:56  Liberator  
  104  7:58  SCV  
  108  8:00  Marine  
  108  8:02  Missile Turret  
  108  8:03  Missile Turret  
  108  8:04  SCV  
  110  8:07  SCV, Widow Mine  
  110  8:10  Liberator  
  119  8:35  Viking x2  
  119  8:39  Marine x3  
  126  8:42  Supply Depot x2, SCV x3  
  126  8:47  Advanced Ballistics  
  129  8:54  SCV x2  
  131  9:03  Liberator, Sensor Tower  
  131  9:04  Marine x3  
  131  9:07  Refinery  
  131  9:09  Refinery  
  134  9:14  Bunker  
  134  9:16  Supply Depot  
  134  9:17  Supply Depot  
  134  9:21  Marine  
  134  9:22  Marine  
  139  9:29  Liberator  
  139  9:31  Viking  
  141  9:39  Barracks, Supply Depot  
  141  9:40  Barracks  
  141  9:41  Bunker, Barracks  
  141  9:44  Armory  
  141  9:46  Liberator  
  141  9:49  Liberator  
  141  9:51  SCV x3  
  147  9:58  Missile Turret  
  147  10:03  SCV x2  
  147  10:05  Missile Turret  
  155  10:11  Marine x3  
  156  10:18  Sensor Tower  
  156  10:19  Siege Tank  
  159  10:31  Barracks Tech Lab x2  
  159  10:32  Barracks Reactor  
  159  10:36  Viking x2  
  163  10:46  Viking  
  165  10:51  Command Center  
  165  10:52  Command Center  
  165  10:55  Marine x4  
  92  11:34  Marine x5  
  92  11:35  Marine  
Tags
 
Add a new tag
Caveats
  • Supply blocks, unpowered buildings, or Contaminate may cause inaccurate times.
  • Supply counts are checked every 10 seconds.